 Dungeon Crawl Stone Soup version 0.29-a0-878-g7b45a56547 (webtiles) character file.

Game seed: 3278170239198978310

174 xian the Conjurer (level 5, -4/38 HPs)
             Began as a Demigod Conjurer on July 20, 2022.
             Slain by Terence
             ... wielding a +0 mace
              (5 damage)
             ... on level 3 of the Dungeon.
             The game lasted 00:07:36 (2923 turns).

xian the Conjurer (Demigod Conjurer)                Turns: 2923, Time: 00:07:36

Health: -4/38      AC:  3    Str:  8    XL:     5   Next: 7%
Magic:  0/12       EV: 15    Int: 24    God:
Gold:   91         SH:  0    Dex: 12    Spells: 7/10 levels left

rFire   . . .      SeeInvis .   g - +0 mace
rCold   + . .      Faith    .   (no shield)
rNeg    . . .      Spirit   .   j - +0 leather armour
rPois   .          Reflect  .   (no helmet)
rElec   .          Harm     .   (no cloak)
rCorr   .          Rampage  .   (no gloves)
Will    .....                   (no boots)
Stlth   ++........              (no amulet)
HPRegen 0.12/turn               h - +4 ring of evasion
MPRegen 0.13/turn               o - ring of protection from cold

@: no status effects
A: high MP 1, forlorn, divine attributes
a: no special abilities


You were on level 3 of the Dungeon.
You visited 1 branch of the dungeon, and saw 3 of its levels.

You collected 91 gold pieces.

Inventory:

Hand Weapons
 g - a +0 mace (weapon)
Armour
 j - a +0 leather armour (worn)
Jewellery
 h - a +4 ring of evasion (left hand)
 n - a ring of protection from fire
 o - a ring of protection from cold (right hand)
Scrolls
 a - 2 scrolls of enchant armour {unknown}
 c - a scroll of noise {unknown}
 e - a scroll of fog {unknown}
 l - a scroll of teleportation {unknown}
 p - a scroll of silence {unknown}
 q - a scroll of fear {unknown}
Potions
 b - a potion of magic
 d - 2 potions of curing {unknown}
 f - 2 potions of heal wounds {unknown}
 i - a potion of might {unknown}
 k - a potion of lignification {unknown}
 m - a potion of invisibility {unknown}


   Skills:
 + Level 0.1 Fighting
 + Level 0.1 Maces & Flails
 + Level 0.4 Armour
 + Level 2.0 Dodging
 + Level 2.5 Stealth
 + Level 3.2 Spellcasting
 + Level 4.6 Conjurations


You had 7 spell levels left.
You knew the following spells:

 Your Spells              Type           Power      Damage    Failure   Level
a - Magic Dart            Conj           100%       1d8       2%          1
b - Searing Ray           Conj           52%        2d6       3%          2

Your spell library contained the following spells:

 Spells                   Type           Power      Damage    Failure   Level
 Apportation              Tloc           6%         N/A       16%         1
 Summon Small Mammal      Summ           12%        N/A       16%         1
 Dazzling Flash           Conj/Hex       30%        N/A       17%         3
 Call Canine Familiar     Summ           3%         N/A       41%         3
 Summon Guardian Golem    Hex/Summ       3%         N/A       41%         3
 Fulminant Prism          Conj/Hex       7%         3d7       50%         4
 Iskenderun's Mystic Bla  Conj/Tloc      15%        2d5       50%         4
 Alistair's Intoxication  Tmut/Pois      2%         N/A       99%         5


Dungeon Overview and Level Annotations

Branches:
Dungeon (3/15)

Shops:
D:1 !

Annotations:
D:3 Terence


Innate Abilities, Weirdness & Mutations

You have an increased reservoir of magic. (+10% MP)
You shall have no god before yourself.
Your divine heritage dramatically boosts your attributes as you level up.


Message History

Terence hits you with a +0 mace.
Unknown command.
The searing ray hits Terence.
Terence is heavily wounded.
The searing ray hits the orc priest!
You kill the orc priest!
The searing ray hits the dart slug!
The dart slug is almost dead.
Terence closely misses you.
Your Spellcasting skill increases to level 3!
You have reached level 5!
The searing ray hits Terence.
Terence is severely wounded.
The searing ray hits the dart slug!
You kill the dart slug!
You finish channelling your searing ray.
Terence hits you with a +0 mace.
* * * LOW HITPOINT WARNING * * *
You hit Terence but do no damage.
Terence is severely wounded.
Terence misses you.
You hit Terence.
Terence is almost dead.
Terence misses you.
Aiming: Magic Dart (safe; 2% risk of failure)
Press: ? - help, Q - select action, (/) - cycle Shift-Dir - straight line, f - Terence
Aim: Terence, wielding a +0 mace and wearing a +0 scale mail (almost dead, 100% to hit)
The magic dart hits Terence.
Terence is almost dead.
Terence closely misses you.
You barely miss Terence.
Terence is almost dead.
Terence misses you.
Terence says, "Rest in peace."
Terence hits you with a +0 mace!
* * * LOW HITPOINT WARNING * * *
You closely miss Terence.
Terence is almost dead.
Terence hits you with a +0 mace.
You die...

##### #.#.## #..... #
#..... #.####### #†....
........######.....
.....o.............
#..woo)............
#######.#####..#.#.
#.@@oo†...)....#.#.
#.#####.#####.##.#. #.#
#.# #.##.#. #.# #..
#.##.#. #.# ##.# #.##.#.
#.######.####.##.#.
#.#............#†#.
#..............#.#.
######..............#.#.


You could see Terence and 2 orcs.

Vanquished Creatures
  A necrophage (D:3)
  An orc priest (D:3)
  3 adders
  2 dart slugs
  2 orcs (D:3)
  6 bats
  4 endoplasms (D:1)
  3 giant cockroaches
  4 goblins
  5 hobgoblins (D:1)
  3 jackals (D:1)
  A quokka (D:1)
  4 ball pythons
  3 frilled lizards
  8 kobolds
  5 rats
55 creatures vanquished.

Vanquished Creatures (others)
  4 plants (D:1)
4 creatures vanquished.

Grand Total: 59 creatures vanquished

Notes
Turn   | Place    | Note
-------+----------+-------------------------------------------
     0 | D:1      | xian the Demigod Conjurer began the quest for the Orb.
     0 | D:1      | Reached XP level 1. HP: 14/14 MP: 5/5
   158 | D:1      | Found Urudgh's Distillery.
   212 | D:1      | Reached skill level 4 in Conjurations
   317 | D:1      | Reached XP level 2. HP: 20/20 MP: 4/7
   416 | D:1      | Learned a level 2 spell: Searing Ray
  1187 | D:1      | Reached XP level 3. HP: 26/26 MP: 5/8
  2649 | D:3      | Noticed a necrophage
  2656 | D:3      | Killed a necrophage
  2657 | D:3      | Reached XP level 4. HP: 22/33 MP: 1/11
  2907 | D:3      | Noticed Terence
  2918 | D:3      | Reached XP level 5. HP: 14/38 MP: 1/12
  2922 | D:3      | HP: 1/38 [Terence/+0 mace (8)]
  2923 | D:3      | Slain by Terence

Illustrated notes

Levels and vault maps discovered:
D:1:      minmay_arrival_up_and_down, layout_basic, serial_forest,
          infiniplex_forest_clump_curved, infiniplex_forest_straight_2,
          infiniplex_forest_join, infiniplex_forest_straight_2,
          infiniplex_forest_split, infiniplex_forest_clump_small, serial_shops,
          nicolae_shop_behind_doors, kennysheep_another_room
D:2:      minmay_skewed_foursquare, layout_loops_cross, basic_ecumenical_altar
D:3:      layout_basic, uniq_terence

Skill      XL: |  1  2  3  4 |
---------------+-------------+-----
Conjurations   | 4 |  4.6
Spellcasting   | 2 3 |  3.2
Stealth        | 2 |  2.5
Dodging        | 2 |  2.0
Fighting       | |  0.1
Maces & Flails | |  0.1
Armour         | |  0.4

Action                   |  1- 3 |  4- 6 || total
-------------------------+-------+-------++-------
Melee: Mace              |    45 |     4 ||    49
       Punch             |     2 |       ||     2
 Cast: Magic Dart        |    96 |     8 ||   104
       Searing Ray       |     2 |     2 ||     4
Armor: Robe              |     4 |       ||     4
       Leather armour    |     2 |       ||     2
Dodge: Dodged            |    19 |     6 ||    25

Table legend: (Time is in decaauts)
 A = Elapsed time spent in this place.
 B = Non-inter-level travel time spent in this place.
 C = Inter-level travel time spent in this place.
 D = Time resting spent in this place.
 E = Time spent auto-exploring this place.
 F = Levels seen in this place.
 G = Mean time per level.
                   A        B        C        D        E       F      G
               +--------+--------+--------+--------+--------+-----+--------+
         Total |   2940 |   2852 |     88 |      5 |   2428 |   3 |  980.0 |
       Dungeon |   2940 |   2852 |     88 |      5 |   2428 |   3 |  980.0 |
               +--------+--------+--------+--------+--------+-----+--------+

Top non-repeatable levels by time:
     D:1: 1584 daAuts
     D:2: 838 daAuts
     D:3: 518 daAuts
